 Dungeon Crawl Stone Soup version 0.22-a0-136-g83a10e5 (webtiles) character file.

976 Lathuz the Conjurer (level 7, -2/36 HPs)
             Began as a Deep Elf Fire Elementalist on Feb 1, 2018.
             Slain by a sky beast (6 damage)
             ... on level 5 of the Dungeon on Feb 2, 2018.
             The game lasted 00:17:30 (6442 turns).

Lathuz the Conjurer (Deep Elf Fire Elementalist)    Turns: 6442, Time: 00:17:31

Health: -2/36      AC:  3    Str:  5    XL:     7   Next: 95%
Magic:  19/19      EV: 13    Int: 22    God:
Gold:   206        SH:  0    Dex: 15    Spells: 4/19 levels left

rFire    . . .     SeeInvis .   C - +0 mace
rCold    . . .     Gourm    .   (no shield)
rNeg     . . .     Faith    .   a - +0 robe
rPois    .         Spirit   .   (no helmet)
rElec    .         Reflect  .   (no cloak)
rCorr    .         Harm     .   B - +0 pair of gloves
MR       .....                  (no boots)
Stlth    ++........             (no amulet)
HPRegen  0.12/turn              (no ring)
MPRegen  0.16/turn              (no ring)

@: no status effects
A: no striking features
a: no special abilities


You were on level 5 of the Dungeon.
You were not hungry.

You visited 1 branch of the dungeon, and saw 6 of its levels.

You collected 206 gold pieces.

Inventory:

Hand Weapons
 C - a +0 mace (weapon)
Missiles
 h - 164 stones (quivered)
Armour
 a - a +0 robe (worn)
 B - a +0 pair of gloves (worn)
Jewellery
 d - an uncursed ring of ice {unknown}
 n - an uncursed ring of resist corrosion {unknown}
 p - a cursed ring of loudness {unknown}
 u - a cursed -3 ring of strength {unknown}
Wands
 v - a wand of flame (23)
Scrolls
 e - 3 scrolls of enchant armour {unknown}
 f - 5 scrolls of identify {unknown}
 g - a scroll of noise {unknown}
 i - 3 scrolls of remove curse {unknown}
 j - 2 scrolls of magic mapping {unknown}
 o - 5 scrolls of immolation {unknown}
 s - 3 scrolls of teleportation {unknown}
 w - a scroll of random uselessness {unknown}
 x - 2 scrolls of fog {unknown}
 y - a scroll of amnesia {unknown}
 z - a scroll of enchant weapon {unknown}
 A - a scroll of blinking {unknown}
Potions
 k - 2 potions of curing {unknown}
 l - 2 potions of haste {unknown}
 q - a potion of brilliance {unknown}
 r - a potion of degeneration {unknown}
 t - a potion of might {unknown}
 E - a potion of flight {unknown}
Books
 b - a book of Flames

   Spells                             Type                      Level
   a - Flame Tongue                   Conjuration/Fire             1
   b - Throw Flame                    Conjuration/Fire             2
   c - Conjure Flame                  Conjuration/Fire             3
   d - Inner Flame                    Hexes/Fire                   3
   e - Sticky Flame                   Conjuration/Fire             4
   f - Fireball                       Conjuration/Fire             5
Comestibles
 c - 17 rations


   Skills:
 - Level 2.4 Dodging
 - Level 2.4 Stealth
 + Level 6.6 Spellcasting
 * Level 7.1 Conjurations
 + Level 5.9 Fire Magic


You had 4 spell levels left.
You knew the following spells:

 Your Spells              Type           Power        Failure   Level  Hunger
a - Flame Tongue          Conj/Fire      #####        1%          1    None
b - Throw Flame           Conj/Fire      #####.       1%          2    None
c - Conjure Flame         Conj/Fire      #####...     1%          3    #......
d - Sticky Flame          Conj/Fire      #####...     5%          4    ###....
e - Fireball              Conj/Fire      #####.....   16%         5    #####..


Dungeon Overview and Level Annotations

Branches:
Dungeon (6/15)
 Temple: D:4-7

Altars:
Dithmenos
Kikubaaqudgha
Makhleb
Okawaru


Message History

Okay, then.
Something hits you. Something shocks you.
Casting: Flame Tongue (safe; 1% risk of failure)
Confirm with . or Enter, or press ? or * to list all spells.
You can't see any susceptible monsters within range! (Use Z to cast anyway.)
You miss something. Something hits you. Something shocks you.
You miss something. Something hits you but does no damage.
Number of times to repeat, then command key: You must enter the number of times for the command to repeat.
Something completely misses you. Something hits you. Something shocks you.
There is a stone staircase leading up here.
Something hits you. Something shocks you.
* * * LOW HITPOINT WARNING * * *
You climb upwards.
There is a stone staircase leading down here.
You start resting.
Something hits you.
* * * LOW HITPOINT WARNING * * *
Something shocks you.
You die...

..#.#######.........#.#
#<#.# #.#####.#.#.#
..#.# #.# #.#.#.# #.#.#
#.# #.#.### ..#.# #.#
#.#.# #.#[# #.# #.#.#
..#.# #.# #.#.#
#.#.#######.#####.#.#
..#.............@...#
..#########.#####.###
.## #.........# ##
#######.### #.# ###


There were no monsters in sight!

Vanquished Creatures
  2 ogres (D:4)
  A sky beast (D:5)
  A phantom (D:4)
  A scorpion (D:5)
  A howler monkey (D:5)
  2 hounds (D:5)
  2 bullfrog skeletons
  An orc wizard (D:5)
  An orc priest (D:4)
  Jessica (D:2)
  Natasha (D:3)
  An iguana (D:4)
  A worker ant (D:5)
  2 hound skeletons
  Robin (D:3)
  4 gnolls
  6 adders
  2 shadow imps (D:5)
  2 worms
  A dart slug (D:3)
  3 leopard geckos
  20 orcs
  A ball python (D:3)
  2 giant cockroaches
  13 goblins
  11 hobgoblins
  7 jackals
  A kobold (D:1)
  3 quokkas (D:3)
  8 bats
  8 frilled lizards
  A jackal skeleton (D:5)
  4 rats
116 creatures vanquished.

Vanquished Creatures (others)
  A dart slug (D:2)
  A frilled lizard (D:2)
2 creatures vanquished.

Grand Total: 118 creatures vanquished

Notes
Turn   | Place    | Note
-------+----------+-------------------------------------------
     0 | D:1      | Lathuz the Deep Elf Fire Elementalist began the quest for the Orb.
     0 | D:1      | Reached XP level 1. HP: 10/10 MP: 6/6
   352 | D:1      | Reached XP level 2. HP: 15/15 MP: 5/8
   463 | D:1      | Reached skill level 2 in Conjurations
   483 | D:1      | Learned a level 2 spell: Throw Flame
  1434 | D:2      | Reached XP level 3. HP: 19/19 MP: 0/10
  1774 | D:2      | Noticed Jessica
  1775 | D:2      | Killed Jessica
  1775 | D:2      | Reached skill level 3 in Conjurations
  1775 | D:2      | Reached XP level 4. HP: 24/24 MP: 8/11
  1780 | D:2      | Learned a level 3 spell: Conjure Flame
  1785 | D:2      | Learned a level 4 spell: Sticky Flame
  2652 | D:3      | Found a burning altar of Makhleb.
  2724 | D:3      | Found an ancient bone altar of Kikubaaqudgha.
  2882 | D:3      | Reached XP level 5. HP: 28/28 MP: 6/13
  2939 | D:3      | Reached skill level 4 in Conjurations
  3181 | D:3      | Noticed Robin
  3235 | D:3      | Killed Robin
  3340 | D:3      | Upgraded the game from 0.22-a0-135-g6f012ad to 0.22-a0-136-g83a10e5
  3361 | D:3      | Noticed Natasha
  3371 | D:3      | Killed Natasha
  3695 | D:4      | Noticed an ogre
  3703 | D:4      | Killed an ogre
  3703 | D:4      | Reached skill level 5 in Spellcasting
  3703 | D:4      | Reached skill level 5 in Conjurations
  3703 | D:4      | Reached XP level 6. HP: 32/32 MP: 11/15
  3715 | D:4      | Learned a level 5 spell: Fireball
  3971 | D:4      | Found a shadowy altar of Dithmenos.
  4236 | D:4      | Reached skill level 5 in Fire Magic
  4573 | D:4      | Reached XP level 7. HP: 32/36 MP: 5/17
  4586 | D:4      | Reached skill level 6 in Conjurations
  4932 | D:5      | Entered Level 5 of the Dungeon
  5978 | D:5      | Reached skill level 7 in Conjurations
  6027 | D:5      | Found an iron altar of Okawaru.
  6442 | D:5      | Slain by a sky beast

Vault maps used:
D:1:      sevenhm_arrival_forest_fort_small_5
D:2:      lemuel_old_faithful, uniq_jessica
D:3:      overflow_temple_1_default, bloody_makhleb, first_ration,
          minmay_joined_circles, uniq_natasha, uniq_robin
D:4:      nicolae_dithmenos_through_a_glass_darkly
D:5:      eino_tiny_chamber, kennysheep_crisscross, okawaru_metal_pillars_1_2
D:6:      minmay_temple_entry_overgrown, serial_undead, serial_undead_c,
          serial_undead_a, serial_undead_e, serial_undead_e, uniq_blork_the_orc

Skill      XL: |  1  2  3  4  5  6  7 |
---------------+----------------------+-----
Conjurations   | 2 3 5 7 |  7.1
Spellcasting   | 4 5 6 |  6.6
Fire Magic     | 4 5 |  5.9
Dodging        | |  2.4
Stealth        | |  2.4

Action                   |  1- 3 |  4- 6 |  7- 9 || total
-------------------------+-------+-------+-------++-------
Melee: Unarmed           |     2 |       |       ||     2
       Club              |     5 |     7 |       ||    12
       Mace              |       |       |     9 ||     9
Throw: Stone             |       |       |     4 ||     4
       Tomahawk          |       |       |     4 ||     4
 Cast: Flame Tongue      |    34 |    81 |    38 ||   153
       Throw Flame       |    24 |    54 |    27 ||   105
       Sticky Flame      |       |     3 |     1 ||     4
  Eat: Chunk             |     3 |     9 |     6 ||    18
Armor: Robe              |     5 |     3 |     4 ||    12
Dodge: Dodged            |    40 |    40 |     7 ||    87

Table legend:
 A = Spawn XP
 B = Non-spawn XP
 C = Spawn XP percentage of total XP
 D = Spawn monster count
 E = Non-spawn monster count
 F = Spawn count percentage of total count
 G = Total turns spent on level
                    A         B        C        D         E        F      G
               +---------+---------+-------+---------+---------+-------+---------
         Total |       0 |    1395 |   0.0 |       0 |     116 |   0.0 |  6442
               +---------+---------+-------+---------+---------+-------+---------
           D:1 |       0 |      34 |   0.0 |       0 |      19 |   0.0 |  1398
           D:2 |       0 |     126 |   0.0 |       0 |      19 |   0.0 |  1058
           D:3 |       0 |     138 |   0.0 |       0 |      34 |   0.0 |  1077
           D:4 |       0 |     561 |   0.0 |       0 |      21 |   0.0 |  1399
           D:5 |       0 |     536 |   0.0 |       0 |      23 |   0.0 |  1502
               +---------+---------+-------+---------+---------+-------+---------
